[Event "*** SCC Grand Prix: Titled Tuesday Blitz"]
[Site "Chess.com"]
[Date "2020.10.06"]
[Round "3"]
[White "DonBroca"]
[Black "Ladislav1969"]
[Result "0-1"]
[WhiteElo "2190"]
[BlackElo "2362"]
[TimeControl "180+1"]
[EndTime "10:26:10 PDT"]
[Termination "Ladislav1969 won by resignation"]

1. e4 c5 2. Nf3 e6 3. d4 cxd4 4. Nxd4 a6 5. Be2 Nf6 6. Nc3 Qc7 7. O-O b5 8. Bg5 b4 9. Bxf6 bxc3 10. Bh4 cxb2 11.
Rb1 Qc3 12. f4 Bc5 13. Bf2 Bb7 14. Bf3 Nc6 15. Nxc6 Bxc6 16. Kh1 Bxf2 17. Rxf2 O-O 18. Qd3 Qc5 19. Rd2 Rfb8 20. c4 Qa5 21. a3 Rb7 22. h3 Rab8 23. Qc2 Ba4 24. Qd3 Rb3 25. Qe2 Qc3 26.
Rdd1 Rxa3 27. Rd3 Qxd3 0-1

[Event "*** SCC Grand Prix: Titled Tuesday Blitz"]
[Site "Chess.com"]
[Date "2020.10.06"]
[Round "3"]
[White "Vamostodorecto"]
[Black "nocnypako"]
[Result "0-1"]
[WhiteElo "2363"]
[BlackElo "2547"]
[TimeControl "180+1"]
[EndTime "10:26:11 PDT"]
[Termination "nocnypako won by resignation"]

1. d4 Nf6 2. c4 g6 3. Nc3 d5 4.
cxd5 Nxd5 5. e4 Nxc3 6. bxc3 Bg7 7. Nf3 c5 8. Be3 Qa5 9. Qd2 O-O 10. Be2 Nc6 11.
Rb1 cxd4 12. cxd4 Bg4 13. Rxb7 Bxf3 14. Bxf3 Qxd2+ 15. Kxd2 Bxd4 16. Bxd4 Rfd8 17. e5 Nxd4 18. Ke3 Nf5+ 19. Ke2 Rac8 20. Be4 Nd4+ 21. Ke3 Rc3+ 22.
Kf4 Ne6+ 23. Kg4 h5+ 24. Kh4 Nc5 25. Rb4 a5 0-1

[Event "*** SCC Grand Prix: Titled Tuesday Blitz"]
[Site "Chess.com"]
[Date "2020.10.06"]
[Round "3"]
[White "Quiet_Desperation"]
[Black "DeGrootteZ"]
[Result "0-1"]
[WhiteElo "1915"]
[BlackElo "2645"]
[TimeControl "180+1"]
[EndTime "10:26:12 PDT"]
[Termination "DeGrootteZ won by resignation"]

1. d4 Nf6 2. Nf3 c5 3. e3 d5 4. c3 Qc7 5. Bd3 cxd4 6. exd4 Nc6 7. O-O Bg4 8. h3 Bh5 9. Re1 e6 10. Nbd2 Bd6 11. Nb3 O-O 12. Bg5 Kh8 13. Bxf6 gxf6 14. Be2 Rg8 15. Kh1 Rg7 16. Nh4 Bxe2 17. Qxe2 Rag8 18.
Nd2 Ne7 19. Ndf3 Qd7 20. Rg1 Bc7 21. g3 e5 22. g4 e4 23. Nh2 f5 24. gxf5 Nxf5 25.
Nxf5 Qxf5 26. Ng4 Qf4 27. Rg3 f5 28. Ne5 Bxe5 29. dxe5 Rxg3 30. fxg3 Rxg3 31. Qh5 Qf3+ 32. Qxf3 Rxf3 33. e6 Kg7 34. Rd1 Rxh3+ 35. Kg2 Rd3 0-1

[Event "*** SCC Grand Prix: Titled Tuesday Blitz"]
[Site "Chess.com"]
[Date "2020.10.06"]
[Round "3"]
[White "Playgood28"]
[Black "GustavoJuarezF"]
[Result "1-0"]
[WhiteElo "2308"]
[BlackElo "2043"]
[TimeControl "180+1"]
[EndTime "10:26:13 PDT"]
[Termination "Playgood28 won on time"]

1. d4 d5 2. c4 e6 3. Nc3 Nf6 4. Bg5 Be7 5. cxd5 exd5 6. Qc2 c6 7. e3 Bf5 8. Qxf5 Nbd7 9. Bxf6 Nxf6 10. Nf3 Qb6 11. Qc2 O-O 12. Bd3 Rfe8 13. O-O h6 14. Rab1 Nd7 15. b4 a6 16. Na4 Qc7 17. Nc5 Nf6 18.
a4 Ng4 19. h3 Nf6 20. Rfc1 g5 21. Bf5 Bd8 22. b5 axb5 23. axb5 cxb5 24. Rxb5 b6 25.
Nd7 Qxc2 26. Nxf6+ Bxf6 27. Rxc2 Ra1+ 28. Kh2 Rf1 29.
Rxb6 Kg7 30. Rb7 Ra8 31. Ne5 Bxe5+ 32. dxe5 Raa1 33. e6 1-0

[Event "*** SCC Grand Prix: Titled Tuesday Blitz"]
[Site "Chess.com"]
[Date "2020.10.06"]
[Round "3"]
[White "chessplayer9919"]
[Black "andresgv36"]
[Result "1-0"]
[WhiteElo "2608"]
[BlackElo "2409"]
[TimeControl "180+1"]
[EndTime "10:26:14 PDT"]
[Termination "chessplayer9919 won on time"]

1. d4 Nf6 2. c4 e6 3. Nf3 c5 4. d5 exd5 5. cxd5 d6 6. Nc3 g6 7. e4 Bg7 8. Bb5+ Nbd7 9. a4 O-O 10. O-O a6 11. Bd3 Nh5 12. Nd2 Qh4 13. Nc4 Ne5 14.
Nxe5 Bxe5 15. g3 Qh3 16. Re1 f5 17. Bf1 Qg4 18. f3 1-0

[Event "*** SCC Grand Prix: Titled Tuesday Blitz"]
[Site "Chess.com"]
[Date "2020.10.06"]
[Round "3"]
[White "SharapovEvgeny"]
[Black "kuban1991"]
[Result "0-1"]
[WhiteElo "2467"]
[BlackElo "2821"]
[TimeControl "180+1"]
[EndTime "10:26:17 PDT"]
[Termination "kuban1991 won by resignation"]

1. c4 b5 2. cxb5 a6 3. bxa6 Rxa6 4. Nc3 d5 5. d4 Rg6 6. Nf3 Nf6 7. Ne5 e6 8. Nxg6 hxg6 9. g3 Nbd7 10. Bg2 c6 11.
O-O Bd6 12. e4 Bc7 13. e5 Ng8 14. b4 Ba6 15. Re1 Ne7 16. a4 Bc4 17. b5 cxb5 18.
Nxb5 Bxb5 19. axb5 Bb6 20. Bb2 Nf5 21. Qd3 O-O 22.
Rec1 f6 23. exf6 Qxf6 24. Qe2 Nxd4 25. Bxd4 Bxd4 26. Ra2 Nb6 27. Kh1 e5 28. Rc6 Qf5 29. Qc2 e4 30. Ra6 Qe5 31. Raxb6 Bxb6 32. h4 Bxf2 33.
Rxg6 Bxg3 34. b6 Qa1+ 0-1

[Event "*** SCC Grand Prix: Titled Tuesday Blitz"]
[Site "Chess.com"]
[Date "2020.10.06"]
[Round "3"]
[White "queen_iryna"]
[Black "sergeikim"]
[Result "0-1"]
[WhiteElo "2303"]
[BlackElo "2525"]
[TimeControl "180+1"]
[EndTime "10:26:18 PDT"]
[Termination "sergeikim won by resignation"]

1. e4 e5 2. Nf3 Nc6 3. Bb5 a6 4. Bxc6 dxc6 5. O-O f6 6. d4 exd4 7. Qxd4 Qxd4 8. Nxd4 Bd7 9. Nc3 O-O-O 10. Be3 Ne7 11. Rad1 Ng6 12. f3 Bb4 13. Nce2 Rhe8 14. c3 Bf8 15.
Rfe1 Ne5 16. b3 c5 17. Nc2 Bb5 18. c4 Bc6 19. Nc3 Nd3 20. Rf1 f5 21. exf5 Nb4 22.
Rxd8+ Rxd8 23. Nxb4 cxb4 24. Ne2 Rd3 25. Kf2 Bd6 26.
Nf4 Rc3 27. Rd1 b5 28. cxb5 axb5 29. Nd5 Rc2+ 30. Kf1 Rxa2 31. g3 Rxh2 32. Nb6+ Kb7 33. Kg1 Re2 34. Bf2 Bxf3 35. Nd5 Rxf2 36. Rd3 Rg2+ 37. Kf1 Bxd5 38. Rxd5 Rxg3 39. Rxb5+ Kc6 40. Rb8 Rxb3 0-1

[Event "*** SCC Grand Prix: Titled Tuesday Blitz"]
[Site "Chess.com"]
[Date "2020.10.06"]
[Round "3"]
[White "LiamVrolijk"]
[Black "Lenyas66"]
[Result "1-0"]
[WhiteElo "2818"]
[BlackElo "2464"]
[TimeControl "180+1"]
[EndTime "10:26:20 PDT"]
[Termination "LiamVrolijk won by resignation"]

1. e4 d6 2. d4 Nf6 3. f3 e5 4.
dxe5 dxe5 5. Qxd8+ Kxd8 6. Bc4 Be6 7. Bxe6 fxe6 8. Nh3 h6 9. Nf2 Bc5 10. Nd3 Bd6 11.
a4 Nc6 12. Be3 Ke7 13. Nd2 Nd7 14. Ke2 Nb4 15. Nxb4 Bxb4 16. Nc4 a6 17. c3 Bd6 18. Rhd1 b5 19. Na5 Nb8 20. b4 c6 21. Rd3 Bc7 22. Bc5+ Kf6 23. Nb3 Rd8 24. Rxd8 Bxd8 25. Rd1 Be7 26. a5 Kf7 27. Bb6 Ke8 28. Nc5 Bxc5 29. Rd8+ Ke7 30. bxc5 g5 31. g4 1-0

[Event "*** SCC Grand Prix: Titled Tuesday Blitz"]
[Site "Chess.com"]
[Date "2020.10.06"]
[Round "3"]
[White "MasterSonnevanck23"]
[Black "zurzan"]
[Result "1-0"]
[WhiteElo "2363"]
[BlackElo "1925"]
[TimeControl "180+1"]
[EndTime "10:26:20 PDT"]
[Termination "MasterSonnevanck23 won on time"]

1. Nf3 d6 2. d4 f5 3. c4 Nf6 4. g3 g6 5. Bg2 Bg7 6. O-O O-O 7.
Nc3 c6 8. b3 Na6 9. Bb2 Qc7 10.
d5 Nc5 11. Nd4 e5 12. dxe6 Nxe6 13. e3 Nxd4 14. Qxd4 Ng4 15. Qd2 Be6 16. Rad1 Rad8 17. Ne2 Bxb2 18. Qxb2 d5 19. Nf4 Bf7 20. cxd5 cxd5 21. Qd4 Qa5 22. Rd2 Rfe8 23. Rfd1 Ne5 24. Qb2 Nc6 25. Nxd5 1-0

[Event "*** SCC Grand Prix: Titled Tuesday Blitz"]
[Site "Chess.com"]
[Date "2020.10.06"]
[Round "3"]
[White "PattyCastillo"]
[Black "AniJak"]
[Result "0-1"]
[WhiteElo "2011"]
[BlackElo "2366"]
[TimeControl "180+1"]
[EndTime "10:26:24 PDT"]
[Termination "AniJak won by resignation"]

1. d4 d5 2. Nf3 Nf6 3. e3 e6 4. Bd3 c5 5. b3 Nc6 6. Bb2 cxd4 7. exd4 Be7 8. O-O O-O 9. Nbd2 a6 10. a3 b5 11. Re1 Bb7 12. Ne5 Rc8 13. Rc1 Nd7 14. Qe2 Bf6 15. f4 g6 16. Ndf3 Bg7 17. Nxd7 Qxd7 18. Ne5 Qd8 19. Qf2 Re8 20. Qg3 Qb6 21. Nxc6 Qxc6 22. Re2 Qb6 23. c3 a5 24. b4 axb4 25. axb4 Ra8 26. Rce1 Bc6 27. h4 Ra2 28. h5 Ra7 29. hxg6 hxg6 30. f5 gxf5 31. Bxf5 Kf8 32. Bb1 e5 33. Rf2 exd4 34. Rxe8+ Bxe8 35. cxd4 Re7 36. Bd3 Qh6 37. Rf1 Re3 38. Qf4 Qxf4 39. Rxf4 Rxd3 0-1

[Event "*** SCC Grand Prix: Titled Tuesday Blitz"]
[Site "Chess.com"]
[Date "2020.10.06"]
[Round "3"]
[White "GigaQuparadze"]
[Black "reutik"]
[Result "1-0"]
[WhiteElo "3010"]
[BlackElo "2197"]
[TimeControl "180+1"]
[EndTime "10:26:25 PDT"]
[Termination "GigaQuparadze won by resignation"]

1. e4 e5 2. Nf3 Nc6 3. Bb5 a6 4. Ba4 Nf6 5. Qe2 Be7 6. O-O b5 7. Bb3 d6 8. a4 b4 9. Qc4 Kd7 10.
Qxf7 Qg8 11. Qxg8 Nxg8 12. a5 Bb7 13. d3 Nf6 14. Nbd2 Nd4 15. Ba4+ Kd8 16. Nxd4 exd4 17. Nf3 c5 18. Ng5 Kc8 19. Ne6 g6 20. Bh6 Rg8 21. Bb3 Kd7 22. Ng5 d5 23. h3 Rge8 24. exd5 Bxd5 25.
Ba4+ Bc6 26. Bxc6+ Kxc6 27. Nf3 Nd7 28. Rfe1 Bf6 29. Nd2 Ne5 30. Bf4 Nf7 31. b3 Be5 32. Bxe5 Nxe5 33. Re4 Nd7 34. Rae1 Rxe4 35. Rxe4 Nf8 36.
Nc4 Ra7 37. Re8 Rf7 38. Ne5+ 1-0

[Event "*** SCC Grand Prix: Titled Tuesday Blitz"]
[Site "Chess.com"]
[Date "2020.10.06"]
[Round "3"]
[White "Kaponov"]
[Black "KiranManisha"]
[Result "0-1"]
[WhiteElo "2178"]
[BlackElo "2353"]
[TimeControl "180+1"]
[EndTime "10:26:27 PDT"]
[Termination "KiranManisha won on time"]

1. d4 Nf6 2. c4 g6 3. Nc3 d5 4.
cxd5 Nxd5 5. Bd2 Bg7 6. e4 Nb6 7. Be3 O-O 8. h3 f5 9. exf5 Bxf5 10. Nf3 Nc6 11. Bb5 Nb4 12. Qb3+ N4d5 13. Nxd5 Nxd5 14. O-O Kh8 15. Bc4 Be4 16. Nd2 Nxe3 17. fxe3 Bc6 18.
d5 Bd7 19. Rxf8+ Qxf8 20. Rf1 Qc8 21. Ne4 h6 22. Bd3 Bf5 23. g4 Bxg4 24. hxg4 Qxg4+ 25. Kh1 Qh3+ 26. Kg1 Qxe3+ 27. Kg2 Be5 28. Qd1 Rg8 29.
Qf3 Qxf3+ 30. Kxf3 Rf8+ 31. Kg2 Rxf1 32. Bxf1 Bxb2 33.
Nc5 b6 34. Ne6 Be5 35. Nd8 Bd6 36. Nc6 a5 37. Bd3 Kg7 38. Kf3 Kf6 39. Nd4 h5 40. Nb5 Be5 41. a4 g5 0-1

[Event "*** SCC Grand Prix: Titled Tuesday Blitz"]
[Site "Chess.com"]
[Date "2020.10.06"]
[Round "3"]
[White "Revnov"]
[Black "jefferyx"]
[Result "0-1"]
[WhiteElo "2693"]
[BlackElo "2902"]
[TimeControl "180+1"]
[EndTime "10:26:28 PDT"]
[Termination "jefferyx won by resignation"]

1. e4 e6 2. d4 d5 3. e5 c5 4. c3 b6 5. Nf3 Ne7 6. Na3 Nec6 7. Be2 Ba6 8. Nb5 Qd7 9. O-O c4 10. Nd6+ Bxd6 11. exd6 Qxd6 12. Re1 Nd7 13. Ng5 h6 14. Nh3 O-O 15. Bf4 e5 16. Bg3 Rae8 17. Bg4 Nf6 18. Bf3 Bb7 19. Qd2 Ne4 20. dxe5 Nxd2 21. exd6 Nxf3+ 22.
gxf3 d4 23. Red1 d3 24. b3 b5 25. a4 a6 26. axb5 axb5 27. bxc4 bxc4 28. Ra4 Re2 29. Nf4 Rc2 30. Rxc4 Ne5 31. Rc7 Bxf3 0-1

[Event "*** SCC Grand Prix: Titled Tuesday Blitz"]
[Site "Chess.com"]
[Date "2020.10.06"]
[Round "3"]
[White "verdest"]
[Black "Onischuk_V"]
[Result "0-1"]
[WhiteElo "2658"]
[BlackElo "2863"]
[TimeControl "180+1"]
[EndTime "10:26:28 PDT"]
[Termination "Onischuk_V won by resignation"]

1. d4 d6 2. c4 g6 3. Nf3 Bg7 4. g3 Nf6 5. Bg2 O-O 6. Nc3 Nc6 7. O-O e5 8. dxe5 dxe5 9. Bg5 Be6 10. Nd2 h6 11. Bxf6 Bxf6 12. Nde4 Be7 13. Nd5 f5 14.
Nec3 Rf7 15. Nxe7+ Qxe7 16. Nd5 Qf8 17. Qb3 Nd4 18. Qd3 c6 19. Nc3 Rd8 20. Rac1 Rfd7 21. Qe3 Qg7 22. b3 g5 23. f4 e4 24. fxg5 hxg5 25.
Kh1 Qh6 26. g4 f4 27. Qxe4 Bxg4 28. e3 Rh7 29. h3 Bxh3 30. Kg1 Bf5 31. Qf3 0-1

[Event "*** SCC Grand Prix: Titled Tuesday Blitz"]
[Site "Chess.com"]
[Date "2020.10.06"]
[Round "3"]
[White "NewBornNow"]
[Black "Supernotar"]
[Result "1-0"]
[WhiteElo "2641"]
[BlackElo "2795"]
[TimeControl "180+1"]
[EndTime "10:26:28 PDT"]
[Termination "NewBornNow won by resignation"]

1. e4 c6 2. d4 d5 3. exd5 cxd5 4.
c4 Nf6 5. Nc3 e6 6. Nf3 Be7 7. a3 dxc4 8. Bxc4 O-O 9. O-O Nc6 10.
Re1 a6 11. d5 exd5 12. Nxd5 Nxd5 13. Bxd5 Bf6 14. Qb3 Bf5 15. Bf4 Na5 16. Qa2 Qb6 17. b4 Nc6 18. Rac1 Rad8 19. h3 Bg6 20. Bxc6 bxc6 21.
Be5 Bxe5 22. Nxe5 Rfe8 23. Qc4 Rd2 24. Qf4 Ra2 25. Nxg6 Ree2 26. Ne7+ Kf8 27. Rxe2 Rxe2 28. Nxc6 g6 29. a4 Kg7 30. Qd4+ 1-0

[Event "*** SCC Grand Prix: Titled Tuesday Blitz"]
[Site "Chess.com"]
[Date "2020.10.06"]
[Round "3"]
[White "mishanick"]
[Black "Yashasd1995"]
[Result "1-0"]
[WhiteElo "2999"]
[BlackElo "2623"]
[TimeControl "180+1"]
[EndTime "10:26:28 PDT"]
[Termination "mishanick won by resignation"]

1. d4 Nf6 2. c4 e6 3. Nc3 c5 4. d5 exd5 5. cxd5 d6 6. e4 g6 7. h3 Bg7 8. Nf3 O-O 9. Bd3 a6 10. a4 Nbd7 11. Bf4 Qe7 12. O-O Ne8 13. Re1 Ne5 14. Be2 b6 15. Nd2 g5 16. Bh2 f5 17.
exf5 Bxf5 18. Nde4 h6 19. Bf1 Qd7 20. Qb3 Rb8 21.
Bxa6 Nc7 22. Bf1 Bxh3 23. Bxe5 Bxe5 24. gxh3 g4 25. Nb5 Rf3 26. Re3 Rbf8 27. Nxc7 Qxc7 28. hxg4 c4 29. Qxc4 Qg7 30. Rxf3 Rxf3 31. Bg2 Rf8 32. Rf1 Kh8 33. Qe2 Rf4 34. f3 Bd4+ 35. Kh2 Qe5 36. Ng3 Qg5 37. Qe8+ Kh7 38. Qh5 Qf6 39. Ne4 Qg7 40. Rc1 Be5 41. Kh1 Rf8 42. b4 Bf4 43. Re1 Qb2 44. g5 Qg7 45. Bh3 Bxg5 46. Nxg5+ 1-0

[Event "*** SCC Grand Prix: Titled Tuesday Blitz"]
[Site "Chess.com"]
[Date "2020.10.06"]
[Round "3"]
[White "ftorodent"]
[Black "Infernal_XaM"]
[Result "0-1"]
[WhiteElo "2671"]
[BlackElo "2878"]
[TimeControl "180+1"]
[EndTime "10:26:31 PDT"]
[Termination "Infernal_XaM won by resignation"]

1. d4 Nf6 2. Bg5 c5 3. Bxf6 gxf6 4. d5 Qb6 5. Qc1 Bh6 6. e3 f5 7. g3 d6 8. c3 Nd7 9. a4 Nf6 10. a5 Qb3 11. Bg2 Ne4 12. Nd2 Qxd5 13. a6 Rb8 14. Nxe4 fxe4 15. Qc2 f5 16. Ne2 bxa6 17. O-O Qb3 18. Qd2 Qxb2 19. Qd1 Qb3 20. Qd2 O-O 21. Nf4 Bxf4 22. exf4 Qc4 23. f3 d5 24. Rfd1 e6 25. fxe4 fxe4 26. Bf1 Qb3 27. Bxa6 Bd7 28. Qe2 Qxc3 29.
Rac1 Qa5 30. Qg4+ Kh8 31. Bf1 c4 32. Qg5 Qd8 33. Qh5 Qf6 34. Bxc4 Be8 35. Qe2 dxc4 0-1

[Event "*** SCC Grand Prix: Titled Tuesday Blitz"]
[Site "Chess.com"]
[Date "2020.10.06"]
[Round "3"]
[White "maxsergej"]
[Black "anasta10"]
[Result "1/2-1/2"]
[WhiteElo "2123"]
[BlackElo "2476"]
[TimeControl "180+1"]
[EndTime "10:26:31 PDT"]
[Termination "Game drawn by repetition"]

1. e4 e6 2. d4 d5 3. Nd2 c5 4. exd5 exd5 5. Ngf3 Nf6 6. Bb5+ Nc6 7. O-O Be7 8. dxc5 O-O 9. Nb3 Bg4 10. Be2 Re8 11. c3 Ne4 12. Be3 Rc8 13. h3 Be6 14. Nbd4 Nxc5 15. Nxe6 Nxe6 16. Nd4 Nexd4 17. cxd4 Bf6 18.
Bf3 Qa5 19. a3 h6 20. b4 Qb5 21. Rc1 Ne7 22. Qb3 Red8 23. Rc5 Qd7 24. Rfc1 b6 25. Rxc8 Rxc8 26. Rxc8+ Qxc8 27. Bxd5 Nxd5 28. Qxd5 Qc3 29. Qa8+ Kh7 30. Qxa7 Bxd4 31. Bxd4 Qxd4 32. Qxf7 Qa1+ 33. Kh2 Qxa3 34. Qf5+ Kh8 35. Qf8+ Kh7 36. Qf5+ Kh8 37. Qf8+ Kh7 38. Qf5+ 1/2-1/2

[Event "*** SCC Grand Prix: Titled Tuesday Blitz"]
[Site "Chess.com"]
[Date "2020.10.06"]
[Round "3"]
[White "BJthechessgod"]
[Black "teacher4chess"]
[Result "1-0"]
[WhiteElo "2303"]
[BlackElo "1997"]
[TimeControl "180+1"]
[EndTime "10:26:31 PDT"]
[Termination "BJthechessgod won by resignation"]

1. e4 Nf6 2. e5 Nd5 3. d4 Nb6 4. Nf3 d5 5. Bd3 Bg4 6. O-O e6 7. c3 c5 8. Be3 Nc6 9. h3 Bh5 10. Nbd2 Be7 11. Qc2 c4 12. Be2 Bg6 13. Qd1 O-O 14.
b3 Ba3 15. bxc4 Bb2 16. c5 Nd7 17. Rb1 Bxb1 18. Qxb1 Bxc3 19. Qxb7 Na5 20. Qb5 a6 21. Qd3 Bb4 22. a3 Bxc5 23. dxc5 Qc7 24. Qc3 Rfc8 25.
Rc1 Nc6 26. Bd4 Nxd4 27. Qxd4 Qc6 28. Nb3 f6 29. exf6 Nxf6 30. Ne5 Qc7 31. c6 Ne4 32.
Nc5 Qd6 33. Nxe4 1-0

[Event "*** SCC Grand Prix: Titled Tuesday Blitz"]
[Site "Chess.com"]
[Date "2020.10.06"]
[Round "3"]
[White "FairChess_on_YouTube"]
[Black "Jumbo"]
[Result "1-0"]
[WhiteElo "2979"]
[BlackElo "2716"]
[TimeControl "180+1"]
[EndTime "10:26:34 PDT"]
[Termination "FairChess_on_YouTube won on time"]

1. d4 d5 2. c4 e6 3. Nc3 Nf6 4. cxd5 exd5 5. Bg5 c6 6. e3 Be7 7. Bd3 Nbd7 8. Nf3 Ne4 9. Bxe7 Qxe7 10. Qc2 Ndf6 11.
Ne5 Nd6 12. O-O-O g6 13. f3 Be6 14. Kb1 O-O-O 15. Rc1 Kb8 16. Na4 Bf5 17. Rhd1 Ka8 18.
Nc5 Rc8 19. g4 Bxd3 20. Rxd3 b6 21. g5 Nfe8 22. Ncd7 Kb7 23. Qa4 Nc4 24. Rxc4 dxc4 25. Ra3 a5 26. Nxb6 1-0

[Event "*** SCC Grand Prix: Titled Tuesday Blitz"]
[Site "Chess.com"]
[Date "2020.10.06"]
[Round "3"]
[White "Smile2005"]
[Black "Harry_Rakkel"]
[Result "1-0"]
[WhiteElo "2418"]
[BlackElo "2571"]
[TimeControl "180+1"]
[EndTime "10:26:34 PDT"]
[Termination "Smile2005 won by resignation"]

1. Nf3 Nf6 2. g3 d5 3. Bg2 c6 4. O-O Bf5 5. d3 e6 6. Nbd2 h6 7. c4 Nbd7 8. b3 Bd6 9. Bb2 Bh7 10. a3 O-O 11. b4 Qe7 12. Qc2 Rac8 13. Bc3 e5 14. c5 Bb8 15. e4 d4 16. Bb2 Ne8 17. Qb3 a6 18. Bh3 Kh8 19. Nc4 Rd8 20. Na5 Ndf6 21. Nh4 g6 22. Bc1 Ng8 23. Bd2 Ng7 24. a4 Ne6 25. Bxe6 fxe6 26. b5 axb5 27. axb5 g5 28. Ng2 cxb5 29. Qxb5 Rf7 30. Rab1 Ba7 31.
Nxb7 Rb8 32. c6 Qf6 33. Ba5 Ne7 34. c7 Rbf8 35. Nd8 Rg7 36. Bb4 1-0

[Event "*** SCC Grand Prix: Titled Tuesday Blitz"]
[Site "Chess.com"]
[Date "2020.10.06"]
[Round "3"]
[White "GianmarcoVaR"]
[Black "TimofeevAr"]
[Result "0-1"]
[WhiteElo "2471"]
[BlackElo "2837"]
[TimeControl "180+1"]
[EndTime "10:26:35 PDT"]
[Termination "TimofeevAr won on time"]

1. d4 d5 2. c4 e6 3. g3 dxc4 4. Nf3 c6 5. Bg2 b5 6. O-O Bb7 7. a4 Qc8 8. b3 cxb3 9. Qxb3 a6 10. Nc3 Nf6 11. Bg5 Be7 12. Rac1 b4 13. Bxf6 gxf6 14.
Ne4 a5 15. Nc5 O-O 16. Nxb7 Qxb7 17. Rc2 Nd7 18. Rfc1 Rac8 19. Nd2 Qa7 20. Nc4 Nb6 21. Nxb6 Qxb6 22. e3 c5 23. d5 Rfd8 24. Qc4 f5 25. e4 exd5 26. exd5 Qf6 27. Qd3 Rb8 28. Rb1 Bf8 29.
Bh3 f4 30. Rc4 Bd6 31. Qf3 Kh8 32. Re4 Re8 33. Rc4 Qg6 0-1

[Event "*** SCC Grand Prix: Titled Tuesday Blitz"]
[Site "Chess.com"]
[Date "2020.10.06"]
[Round "3"]
[White "fighter2jz"]
[Black "Tactictic"]
[Result "1-0"]
[WhiteElo "2681"]
[BlackElo "2436"]
[TimeControl "180+1"]
[EndTime "10:26:35 PDT"]
[Termination "fighter2jz won by checkmate"]

1. e4 c5 2. Nf3 d6 3. d4 cxd4 4. Nxd4 Nf6 5. Nc3 a6 6. Rg1 h5 7.
Bg5 Nbd7 8. Qd2 e6 9. O-O-O Be7 10. f4 Qc7 11. Kb1 b5 12. Bd3 Bb7 13. f5 e5 14. Nb3 b4 15. Ne2 a5 16. Ng3 h4 17.
Ne2 Bxe4 18. Rge1 Bxg2 19. Ned4 Bc6 20. Qe2 a4 21. Nxc6 Qxc6 22. Nd4 Qb6 23. Bb5 a3 24. Ne6 fxe6 25. fxe6 axb2 26. exd7+ Kd8 27. Qc4 Qc5 28. Qxc5 dxc5 29. Rxe5 Rb8 30. Ba4 Ra8 31. Bb3 Ra7 32. Be6 Rc7 33. Bh3 c4 34. Rb5 Nxd7 35. Rb8+ Rc8 36.
Rxd7+ Ke8 37. Rxe7+ Kd8 38. Rxc8# 1-0

[Event "*** SCC Grand Prix: Titled Tuesday Blitz"]
[Site "Chess.com"]
[Date "2020.10.06"]
[Round "3"]
[White "VladaSviridova"]
[Black "LogoCzar"]
[Result "0-1"]
[WhiteElo "2245"]
[BlackElo "2428"]
[TimeControl "180+1"]
[EndTime "10:26:35 PDT"]
[Termination "LogoCzar won by resignation"]

1. d4 d5 2. c4 c6 3. Nf3 Nf6 4. Nc3 e6 5. e3 Nbd7 6. Qc2 Bd6 7. Bd3 O-O 8. O-O dxc4 9. Bxc4 b5 10. Be2 Bb7 11. e4 e5 12. dxe5 Nxe5 13. Nh4 Nfg4 14. g3 Bc5 15. h3 Nxf2 16. Rxf2 Bxf2+ 17. Kxf2 f5 18. exf5 b4 19. Ne4 c5 20. Bf4 Qd4+ 21. Be3 Qxe4 22. Qxe4 Bxe4 23. Bxc5 Rfe8 24. g4 a5 25. Nf3 Bxf3 26. Bxf3 Nd3+ 27. Kg3 Nxc5 28. Bxa8 Rxa8 29. Rc1 Nd3 30. Rc2 a4 31. Rd2 Nc5 32.
Rd4 b3 33. a3 Kf7 34. Rc4 Nd7 35. Rc7 Ke8 36. Kf4 Kd8 37. Rc4 Ke7 38. g5 Kd6 39. h4 Kd5 40. Rb4 Nc5 41. Rb5 Kc4 42. Rb6 Nd3+ 43. Ke3 Nxb2 44. Rb4+ Kc3 45. Rb7 Nc4+ 46.
Ke2 Nxa3 47. f6 gxf6 48. gxf6 b2 49. f7 Rf8 0-1

[Event "*** SCC Grand Prix: Titled Tuesday Blitz"]
[Site "Chess.com"]
[Date "2020.10.06"]
[Round "3"]
[White "natelleka"]
[Black "PowerThinking2650"]
[Result "0-1"]
[WhiteElo "2215"]
[BlackElo "2373"]
[TimeControl "180+1"]
[EndTime "10:26:35 PDT"]
[Termination "PowerThinking2650 won by checkmate"]

1. e4 e5 2. Nf3 Nc6 3. Bb5 a6 4.
Ba4 Nf6 5. O-O Be7 6. Re1 b5 7. Bb3 d6 8. c3 O-O 9. h3 Bb7 10.
d4 Re8 11. Ng5 Rf8 12. d5 Na5 13. Bc2 h6 14. Nf3 c6 15. dxc6 Bxc6 16. Nbd2 Nb7 17. Nf1 Nc5 18. Ng3 Qc7 19. Nh4 Rfe8 20. Nhf5 Bf8 21.
Qf3 Nh7 22. Qg4 Kh8 23. Qh4 d5 24. exd5 Bxd5 25. Nh5 f6 26. Nxf6 gxf6 27. Nxh6 Bxh6 28. Qxh6 Rg8 29. Be3 Rxg2+ 30. Kf1 Rag8 31. Rad1 Bc4+ 32. Re2 Rg1# 0-1

[Event "*** SCC Grand Prix: Titled Tuesday Blitz"]
[Site "Chess.com"]
[Date "2020.10.06"]
[Round "3"]
[White "zajka-molotok"]
[Black "Zq1"]
[Result "0-1"]
[WhiteElo "2471"]
[BlackElo "2525"]
[TimeControl "180+1"]
[EndTime "10:26:36 PDT"]
[Termination "Zq1 won on time"]

1. d4 Nf6 2. c4 a6 3. a4 e6 4.
Nc3 d5 5. Nf3 Bb4 6. Qb3 Nc6 7. e3 Qe7 8. Bd3 Na5 9. Qa2 Ne4 10.
Bxe4 dxe4 11. Nd2 f5 12. O-O c5 13. Nb3 Nxb3 14. Qxb3 O-O 15. Bd2 Bd7 16. dxc5 Bxc5 17. a5 Bc6 18. Na4 Bd6 19. Qc2 Rf6 20. Bc3 Rg6 21. Rad1 f4 22. exf4 e3 23. f3 Bxf4 24.
Rd4 e5 25. Rd3 Qh4 26. h3 Qg3 0-1

[Event "*** SCC Grand Prix: Titled Tuesday Blitz"]
[Site "Chess.com"]
[Date "2020.10.06"]
[Round "3"]
[White "dominikaf"]
[Black "shnitez"]
[Result "0-1"]
[WhiteElo "2269"]
[BlackElo "2550"]
[TimeControl "180+1"]
[EndTime "10:26:36 PDT"]
[Termination "shnitez won on time"]

1. d4 Nf6 2. Bf4 c6 3. e3 g5 4. Bg3 h5 5. h4 Ne4 6. Be5 f6 7. Be2 d6 8. Bxh5+ Kd7 9. Bf3 Qa5+ 10. c3 Nxf2 11. Kxf2 fxe5 12. Nd2 exd4 13. exd4 gxh4 14.
Ne2 Kc7 15. Nc4 Qg5 16. Qd2 Qxd2 17. Nxd2 Nd7 18. Nf4 Bh6 19. Ne6+ Kb8 20. Ne4 Nf6 21. Nxf6 Bxe6 22. Ng4 Bf4 23. Kf1 Kc7 24. Re1 Kd7 25. Re4 Raf8 26. Ke2 Bg3 27. Kd3 Bf5 28. Re1 d5 0-1

[Event "*** SCC Grand Prix: Titled Tuesday Blitz"]
[Site "Chess.com"]
[Date "2020.10.06"]
[Round "3"]
[White "Malysch"]
[Black "mirceaparligras"]
[Result "0-1"]
[WhiteElo "2427"]
[BlackElo "2668"]
[TimeControl "180+1"]
[EndTime "10:26:37 PDT"]
[Termination "mirceaparligras won on time"]

1. d4 Nf6 2. c4 c5 3. d5 e6 4. Nc3 exd5 5. cxd5 d6 6. Nf3 g6 7. Nd2 Bg7 8. Nc4 O-O 9. Bf4 Nbd7 10. Bxd6 Re8 11. e3 Nb6 12. Bg3 Nbxd5 13. Nd6 Nxc3 14. bxc3 Qa5 15. Nxe8 Qxc3+ 16. Ke2 Bg4+ 17. f3 Rxe8 18. Qc1 Nd5 19. Qxc3 Nxc3+ 20. Kf2 Be6 21. Rc1 Bxa2 22. Bd3 b5 23. Ra1 b4 24. Rhc1 b3 25. Bc4 b2 0-1

[Event "*** SCC Grand Prix: Titled Tuesday Blitz"]
[Site "Chess.com"]
[Date "2020.10.06"]
[Round "3"]
[White "ChronicUnhappiness"]
[Black "As0nchess"]
[Result "0-1"]
[WhiteElo "2277"]
[BlackElo "2507"]
[TimeControl "180+1"]
[EndTime "10:26:37 PDT"]
[Termination "As0nchess won on time"]

1. c4 c5 2. Nf3 Nc6 3. Nc3 g6 4. e3 Nf6 5. d4 cxd4 6. exd4 d5 7. cxd5 Nxd5 8. Qb3 Nxc3 9. Bc4 e6 10. bxc3 Bg7 11. Ba3 Na5 12. Bb5+ Bd7 13. Qa4 Nc6 14. Qb3 Ne7 15.
Bxd7+ Qxd7 16. Ne5 Bxe5 17. dxe5 O-O-O 18. O-O Nf5 19. Rfe1 Qc6 20. Qb4 Rd2 21. Re4 Rhd8 22. h3 Kb8 23. Rc4 Qd5 24. Rc5 Rd1+ 25. Rxd1 Qxd1+ 26. Kh2 b6 27. Rb5 Qd7 28. c4 Qd4 29. c5 Qxe5+ 30.
f4 Qe3 31. Rxb6+ Ka8 32. Rd6 Rb8 33. Qc4 Qg3+ 0-1